AoeStats
← somohano89

Arena

510177029Analyzed
1v1 RM · 3d ago on Sep 29, 2026· 40m 30s· 2 players
Game mode
Random Map
Map size
Tiny (2 player)
Population
200
Speed
Normal
Resources
Standard
Victory
Conquest
Starting age
Dark Age
Ending age
Imperial Age
RankedLock teamsTeams togetherTeam positionsShared explorationLock speedFull tech treeHidden civsTurbo modeCheats
Victory
Defeat
🇲🇽 Ethiopians · Mexico
970
+18
🇹🇷 Koreans · Türkiye
1007
-18
somohano89
11:23 Feudal Age
11:57 Double-Bit Axe
11:55 Horse Collar
17:11 Castle Age
16:59 Gold Mining
17:55 Loom
28:21 Gold Shaft Mining
27:45 Town Watch
28:07 Fletching
28:40 Bow Saw
28:39 Stone Mining
28:58 Heavy Plow
30:10 Wheelbarrow
29:40 Town Patrol
29:48 Scale Mail Armor
32:12 Royal Heirs
32:19 Squires
32:06 Arson
33:09 Chain Mail Armor
33:05 Forging
34:10 Husbandry
34:45 Bodkin Arrow
35:26 Iron Casting
34:58 Scale Barding Armor
Lynchburg
10:14 Feudal Age
16:08 Castle Age
14:59 Double-Bit Axe
14:56 Horse Collar
16:00 Stone Mining
17:24 Bow Saw
19:33 Town Watch
23:17 Wheelbarrow
29:07 Imperial Age
26:30 Fletching
26:58 Scale Mail Armor
27:25 Ballistics
27:02 Gold Mining
27:30 Bodkin Arrow
28:29 Heavy Plow
29:09 Gold Shaft Mining
29:09 Stone Shaft Mining
28:57 Forging
29:11 Elite War Wagon
29:31 Pikeman
30:13 Squires
30:48 Bracer
30:42 Arrowslits
32:19 Conscription
32:43 Stone Shaft Mining
33:32 Chain Mail Armor
33:53 Iron Casting
36:02 Hand Cart
35:50 Town Patrol
37:27 Chemistry
36:11 Treadmill Crane
36:31 Halberdier
38:26 Light Cavalry
39:13 Scale Barding Armor
41:10 Chain Barding Armor
Connection lost

Rejoining the realm…

Still unreachable

The connection could not be restored.

Session expired

The server has moved on; the page needs a fresh start.